 Dungeon Crawl Stone Soup version 0.30-a0-374-g95c0257040 (webtiles) character file.

Game seed: 2539308415741023998

70011 freelancePsychic the Impaler (level 13, -19/108 (115) HPs)
             Began as a Formicid Gladiator on Nov 25, 2022.
             Was the Champion of Ru.
             Demolished by Aneyh's ghost (30 damage)
             ... on level 14 of the Dungeon on Nov 26, 2022.
             The game lasted 00:41:16 (20535 turns).

freelancePsychic the Impaler (Formicid Gladiator)  Turns: 20535, Time: 00:41:16

HP:   -19/108 (115) AC: 17    Str: 27    XL:     13   Next: 76%
MP:   7/13          EV: 11    Int:  8    God:    Ru [******]
Gold: 1199          SH: 15    Dex: 13    Spells: 12/12 levels left

rFire   + . .      SeeInvis +    b - +2 glaive (flame)
rCold   + . .      Faith    .    B - +2 kite shield
rNeg    . . .      Spirit   .    g - +3 ring mail
rPois   .          Reflect  .    (helmet unavailable)
rElec   .          Harm     .    A - +2 cloak of the Bagpipe {rC+ Str+3 Dex-2}
rCorr   .          Rampage  .    w - +2 pair of gloves
Will    +....                    k - +2 pair of boots
Stlth   ..........               (no amulet)
HPRegen 0.38/turn                f - +4 ring of slaying
MPRegen 0.13/turn                K - ring of protection from fire

@: mighty, exhausted, drained
A: permanent stasis, dig shafts and tunnels, antennae 3, no stealth, inability
to use devices, no fire magic, no necromancy magic, no transmutations magic,
inexperienced 2, four strong arms
a: Dig, Shaft Self, Renounce Religion, Draw Out Power, Power Leap, Apocalypse


You were on level 14 of the Dungeon.
You worshipped Ru.
Ru was exalted by your worship.
You visited 3 branches of the dungeon, and saw 21 of its levels.
You also visited: Ossuary and Ice Cave.

You collected 1872 gold pieces.
You spent 673 gold pieces at shops.

Inventory:

Hand Weapons
 a - a +0 quarterstaff
 b - a +2 glaive of flaming (weapon)
Missiles
 D - 6 javelins
 F - 10 poisoned darts
 H - 3 throwing nets
 M - 8 boomerangs (quivered)
Armour
 g - a +3 ring mail (worn)
 k - a +2 pair of boots (worn)
 w - a +2 pair of gloves (worn)
 A - the +2 cloak of the Bagpipe (worn) {rC+ Str+3 Dex-2}
   (You bought it in a shop on level 2 of the Orcish Mines)

   Str:       It affects your strength (+3).
   Dex:       It affects your dexterity (-2).
   rC:        It protects you from cold.
 B - a +2 kite shield (worn)
Jewellery
 f - a +4 ring of slaying (left hand)
 j - a +6 ring of dexterity
 y - a ring of positive energy
 K - a ring of protection from fire (right hand)
 N - a ring of ice
 O - a +4 ring of slaying
 P - a +4 ring of slaying
Scrolls
 c - 9 scrolls of poison
 i - a scroll of summoning
 m - a scroll of noise
 o - a scroll of enchant weapon
 q - 3 scrolls of fear
 r - 4 scrolls of amnesia
 x - a scroll of silence
 z - 5 scrolls of enchant armour
 C - 2 scrolls of magic mapping
 E - 3 scrolls of immolation
 G - 2 scrolls of brand weapon
 J - 2 scrolls of identify {@r1}
 L - 4 scrolls of butterflies
Potions
 d - 5 potions of might
 e - 5 potions of flight
 h - 13 potions of degeneration
 l - 2 potions of attraction
 n - 6 potions of brilliance
 p - 5 potions of mutation
 s - 2 potions of resistance
 t - 8 potions of curing {@q1}
 u - 3 potions of lignification
 v - 4 potions of haste {unknown}
 I - a potion of cancellation {unknown}


   Skills:
 + Level 15.1 Fighting
 * Level 17.1(18.0) Polearms
 - Level 9.4(14.4) Staves
 - Level 5.4 Throwing
 - Level 2.6 Dodging
 - Level 15.0 Shields


You had 12 spell levels left.
You didn't know any spells.
Your spell library contained the following spells:

 Spells                   Type           Power      Damage    Failure   Level
 Apportation              Tloc           0%         N/A       71%         1
 Summon Small Mammal      Summ           0%         N/A       71%         1
 Call Imp                 Summ           0%         N/A       83%         2
 Ensorcelled Hibernation  Hex/Ice        0%         N/A       83%         2
 Poisonous Vapours        Pois/Air       0%         N/A       83%         2
 Dazzling Flash           Conj/Hex       0%         N/A       97%         3
 Mephitic Cloud           Conj/Pois/Air  0%         N/A       97%         3
 Stone Arrow              Conj/Erth      0%         3d7       97%         3
 Summon Guardian Golem    Hex/Summ       0%         N/A       97%         3
 Animate Armour           Summ/Erth      0%         N/A       100%        4
 Iskenderun's Mystic Bla  Conj/Tloc      0%         2d3       100%        4
 Orb of Destruction       Conj           0%         9d5       100%        7
 Spellforged Servitor     Conj/Summ      0%         N/A       100%        7
 Lehudib's Crystal Spear  Conj/Erth      0%         10d2      100%        8
 Beastly Appendage        Tmut           Unusable   N/A       N/A         1
 Necrotise                Necr           Unusable   1d4       N/A         1
 Cigotuvi's Dreadful Rot  Necr/Pois/Air  Unusable   N/A       N/A         2
 Passwall                 Tmut/Erth      Unusable   N/A       N/A         2
 Wereblood                Tmut           Unusable   N/A       N/A         2
 Spider Form              Tmut/Pois      Unusable   N/A       N/A         3
 Swiftness                Air            Unusable   N/A       N/A         3
 Vampiric Draining        Necr           Unusable   2d6       N/A         3
 Agony                    Necr           Unusable   N/A       N/A         5
 Starburst                Conj/Fire      Unusable   6d3       N/A         6

Dungeon Overview and Level Annotations

Branches:
Dungeon (14/15)            Temple (0/1) D:7            Lair (5/5) D:11
  Swamp (0/4) Lair:2       Spider (0/4) Lair:2        Slime (0/5) Lair:4
    Orc (2/2) D:10            Elf (0/3) Orc:2       Ossuary (visited)
  IceCv (visited)
 Vaults: D:13-14

Altars:
Ashenzari
Dithmenos
Elyvilon
Hepliaklqana
Kikubaaqudgha
Nemelex Xobeh
Okawaru
Ru
Sif Muna
Trog
Xom
The Shining One
Jiyva

Shops:
D:5 :   D:6 **   D:9 [   Orc:2 ([**

Portals:
Trove: D:10 (give +5 demon trident)

Annotations:
D:14 Aneyh's ghost, journeyman TeMo; timneilson's ghost, journeyman GrFi
Lair:3 1 runed translucent door, Piups's ghost, journeyman DsIE


Innate Abilities, Weirdness & Mutations

You cannot be hasted, slowed, berserked, paralysed or teleported.
You can dig through walls and to a lower floor.
You have a pair of large antennae on your head. (SInv)
You cannot be stealthy.
You cannot study or use magical devices.
You cannot study or cast Fire magic.
You cannot study or cast Necromancy magic.
You cannot study or cast Transmutations magic.
You are inexperienced. (-2 XL)
Your four strong arms can wield two-handed weapons with a shield.


Message History

The lich is almost destroyed.
The lich casts a spell at you.
Your stasis prevents you from being slowed.
You slash the lich! You burn the lich.
You destroy the lich!
You hit timneilson's ghost. You burn timneilson's ghost.
Timneilson's ghost is severely damaged.
Aneyh's ghost is no longer paralysed.
You barely miss timneilson's ghost.
Timneilson's ghost is severely damaged.
You barely miss Aneyh's ghost.
Aneyh's ghost is heavily damaged.
Timneilson's ghost hits you! You block Aneyh's ghost's attack.
You closely miss Aneyh's ghost.
Aneyh's ghost is heavily damaged.
You block Aneyh's ghost's attack.
You miss Aneyh's ghost.
Aneyh's ghost is heavily damaged.
Timneilson's ghost hits you.
You slash timneilson's ghost! You burn timneilson's ghost.
Timneilson's ghost is almost destroyed.
Aneyh's ghost closely misses you. Timneilson's ghost misses you.
You hit timneilson's ghost but do no damage.
Timneilson's ghost is almost destroyed.
Aneyh's ghost hits you!!
* * * LOW HITPOINT WARNING * * *
You hit timneilson's ghost but do no damage.
Timneilson's ghost is almost destroyed.
You block Aneyh's ghost's attack. Timneilson's ghost hits you!
* * * LOW HITPOINT WARNING * * *
You feel better. Aneyh's ghost hits you!
* * * LOW HITPOINT WARNING * * *
Timneilson's ghost hits you but does no damage.
You barely miss timneilson's ghost.
Timneilson's ghost is almost destroyed.
Aneyh's ghost completely misses you.
You barely miss timneilson's ghost.
Timneilson's ghost is almost destroyed.
You block timneilson's ghost's attack. Aneyh's ghost hits you!!
You die...

#####'####### ###..##
#...........#### #...##
#...........'..# #.###
#...........##.#####'#####
#...........##<.##........
#..>........###..+........
#...........# ####........
#...........# #........
#....###W@..# #......).
######(##W### #........
##?.#..# ########'
#:..#..# #.... ###⌠.'..##
###'### #[._.'...###
####..))..
###⌠.'.....###..'......
#"?.#.....#...##......
##).#.....#.####......


You could see Aneyh's ghost and timneilson's ghost (slow).

Vanquished Creatures
  2 liches (D:14)
  The ghost of NinjaNoafa the Tortoise, an adept MiFi of Uskayaw (D:14)
  Kirke (D:13)
  2 slime creatures (D:13)
  4 hydras
  A catoblepas (Lair:2)
  Harold (D:11)
  A boulder beetle (Lair:2)
  2 centaur warriors (D:13)
  2 tengu warriors
  A two-headed ogre (D:10)
  Nergalle (Lair:1)
  An orc high priest (Orc:2)
  Amaemon (D:11)
  2 orc knights
  5 deep elf pyromancers
  5 deep elf zephyrmancers (Orc:2)
  5 ugly things
  4 orc sorcerers (Orc:2)
  A wolf spider (D:14)
  4 cyclopes
  A manticore (D:13)
  11 elephants
  2 ice statues (IceCv)
  4 black mambas
  A gargoyle (D:12)
  13 cane toads
  An orange demon (D:11)
  An unseen horror zombie (D:8)
  Maggie (D:7)
  4 rime drakes
  A yaktaur (shapeshifter) (D:11)
  2 tengu conjurers (D:13)
  3 komodo dragons
  A queen bee (Lair:2)
  2 trolls (D:11)
  3 polar bears
  3 meliai (Lair:2)
  6 hornets
  3 dream sheep (Lair:5)
  13 blink frogs
  3 hogs (D:13)
  3 wyverns
  A vampire (D:12)
  14 spriggans (Lair:5)
  2 wraiths
  4 basilisks
  60 yaks
  5 steam dragons
  Edmund (D:6)
  A harpy simulacrum (IceCv)
  6 water moccasins
  An acid dragon (D:12)
  A swamp drake (D:10)
  A hornet zombie (D:8)
  6 black bears
  13 orc warriors
  5 ogres
  39 wolves
  3 boggarts (Lair:5)
  7 centaurs
  A phantom (D:5)
  An elf zombie (Ossuary)
  3 gnoll sergeants
  11 bullfrogs
  A necrophage (D:7)
  A wyvern zombie (D:8)
  A cane toad simulacrum (IceCv)
  7 scorpions
  12 wights
  An elephant simulacrum (IceCv)
  24 killer bees (Lair:2)
  2 vampire bats (D:4)
  6 howler monkeys
  A centaur zombie (D:8)
  A human zombie (Ossuary)
  17 orc priests
  A jelly (D:8)
  A gnoll bouda (D:7)
  6 iguanas
  39 orc wizards
  A wolf simulacrum (IceCv)
  5 killer bee zombies (D:8)
  3 hound zombies (Ossuary)
  3 howler monkey zombies (D:8)
  4 mummies
  23 gnolls
  7 adders
  4 shadow imps
  An ufetubus (D:6)
  3 adder zombies (Ossuary)
  A worm (D:4)
  A dart slug (D:4)
  59 orcs
  6 ball pythons
  7 bats
  A bat skeleton (D:4)
  4 bat zombies (D:4)
  7 endoplasms
  4 giant cockroaches
  12 goblins
  9 hobgoblins
  3 jackals (D:5)
  5 quokkas
  3 frilled lizards (D:1)
  A gnoll zombie (Ossuary)
  8 goblin zombies (Ossuary)
  7 hobgoblin zombies (Ossuary)
  4 jackal zombies (Ossuary)
  5 kobolds
  3 kobold zombies (Ossuary)
  2 orc zombies (Ossuary)
  3 quokka zombies (Ossuary)
  2 rats
  2 rat zombies (Ossuary)
649 creatures vanquished.

Vanquished Creatures (collateral kills)
  A water moccasin (Lair:2)
1 creature vanquished.

Vanquished Creatures (others)
  A gargoyle (D:14)
  A human (D:13)
  A scorpion (D:5)
  12 fungi
  19 plants
34 creatures vanquished.

Grand Total: 684 creatures vanquished

Notes
Turn   | Place    | Note
-------+----------+-------------------------------------------
     0 | D:1      | freelancePsychic the Formicid Gladiator began the quest for
                  | the Orb.
     0 | D:1      | Reached XP level 1. HP: 16/16 MP: 1/1
   165 | D:1      | Found a faded altar of an unknown god.
   278 | D:1      | Reached XP level 2. HP: 23/23 MP: 2/2
   330 | D:1      | Prayed at the altar of an unknown god.
   330 | D:1      | Became a worshipper of Ru the Awakened
   347 | D:1      | Gained mutation: You are somewhat inexperienced. (-1 XL)
                  | [Ru sacrifice]
   347 | D:1      | Reached XP level 1. HP: 17/17 MP: 1/1
   347 | D:1      | Reached * piety under Ru
   649 | D:2      | Reached XP level 2. HP: 23/23 MP: 2/2
  1250 | D:3      | Reached XP level 3. HP: 28/29 MP: 3/3
  1725 | D:3      | You fall into a shaft and drop 1 floor!
  1815 | D:4      | Found an ancient bone altar of Kikubaaqudgha.
  1827 | D:4      | Reached XP level 4. HP: 28/37 MP: 4/4
  1831 | D:4      | Reached skill level 5 in Staves
  1899 | D:4      | Reached XP level 5. HP: 26/42 MP: 5/5
  1923 | D:4      | Noticed a black bear
  1957 | D:4      | Killed a black bear
  2088 | D:4      | Found a sand-covered staircase.
  2097 | Ossuary  | Entered an ossuary
  2149 | Ossuary  | Reached XP level 6. HP: 49/49 MP: 6/6
  2303 | Ossuary  | Gained mutation: You cannot be stealthy. [Ru sacrifice]
  2303 | Ossuary  | Reached ** piety under Ru
  3815 | D:5      | Entered Level 5 of the Dungeon
  3829 | D:5      | Reached skill level 5 in Fighting
  4030 | D:5      | Reached XP level 7. HP: 45/56 MP: 7/7
  4283 | D:5      | Found a white marble altar of Elyvilon.
  4283 | D:5      | Found a sparkling altar of Nemelex Xobeh.
  4283 | D:5      | Found a broken altar of Ashenzari.
  4561 | D:5      | Found Suhooh's Book Shoppe.
  5088 | D:6      | Found Wigyopri's Specific Store.
  5091 | D:6      | Found Zutsucs's General Store.
  5131 | D:6      | Noticed Edmund
  5152 | D:6      | Killed Edmund
  5205 | D:6      | Gained mutation: You cannot study or use magical devices.
                  | [Ru sacrifice]
  5205 | D:6      | Reached *** piety under Ru
  5205 | D:6      | Reached **** piety under Ru
  5209 | D:6      | Reached XP level 8. HP: 54/63 MP: 8/8
  5420 | D:6      | Reached skill level 5 in Throwing
  5500 | D:6      | Found an iron altar of Okawaru.
  5764 | D:6      | Bought a +2 kite shield for 214 gold pieces
  6047 | D:7      | Noticed Maggie
  6060 | D:7      | Reached skill level 1 in Polearms
  6064 | D:7      | Killed Maggie
  6065 | D:7      | Reached skill level 2 in Polearms
  6074 | D:7      | Reached skill level 3 in Polearms
  6376 | D:7      | Found a staircase to the Ecumenical Temple.
  6421 | D:7      | Reached skill level 1 in Shields
  6421 | D:7      | Reached XP level 9. HP: 74/74 MP: 9/9
  6515 | D:7      | Reached skill level 4 in Polearms
  6549 | D:7      | Found a shimmering blue altar of Sif Muna.
  6564 | D:7      | Got Sif Muna's Omnibus of Calling
  6569 | D:7      | Found a bloodstained altar of Trog.
  6904 | D:7      | Reached skill level 5 in Polearms
  7228 | D:8      | Found a glowing golden altar of the Shining One.
  7255 | D:8      | Gained mutation: You cannot study or cast Fire magic. [Ru
                  | sacrifice]
  7255 | D:8      | Gained mutation: You cannot study or cast Transmutations
                  | magic. [Ru sacrifice]
  7255 | D:8      | Gained mutation: You cannot study or cast Necromancy magic.
                  | [Ru sacrifice]
  7255 | D:8      | Reached ***** piety under Ru
  7306 | D:8      | Reached skill level 6 in Polearms
  7606 | D:8      | Reached skill level 5 in Shields
  7728 | D:8      | Found a hazy altar of Hepliaklqana.
  7966 | D:9      | Reached skill level 7 in Polearms
  8048 | D:9      | Reached XP level 10. HP: 66/83 MP: 10/10
  8209 | D:9      | Reached skill level 8 in Polearms
  8358 | D:9      | Found Datuin's Armour Shop.
  8874 | D:10     | Entered Level 10 of the Dungeon
  9012 | D:10     | Found a shimmering altar of Xom.
  9165 | D:10     | Noticed a two-headed ogre
  9171 | D:10     | Killed a two-headed ogre
  9172 | D:10     | Reached skill level 10 in Fighting
  9172 | D:10     | Reached skill level 9 in Polearms
  9511 | D:10     | Found a portal to a secret trove of treasure.
  9641 | D:10     | Found a staircase to the Orcish Mines.
  9731 | Orc:1    | Entered Level 1 of the Orcish Mines
  9797 | Orc:1    | Noticed an orc knight
  9809 | Orc:1    | Killed an orc knight
  9991 | Orc:2    | Entered Level 2 of the Orcish Mines
  9991 | Orc:2    | Found a staircase to the Elven Halls.
 10187 | Orc:2    | Noticed a deep elf zephyrmancer
 10188 | Orc:2    | Noticed an orc knight
 10190 | Orc:2    | Noticed a deep elf pyromancer
 10192 | Orc:2    | Noticed a deep elf pyromancer
 10193 | Orc:2    | Noticed a deep elf zephyrmancer
 10195 | Orc:2    | Noticed a deep elf pyromancer
 10196 | Orc:2    | Noticed a deep elf zephyrmancer
 10197 | Orc:2    | Killed a deep elf pyromancer
 10197 | Orc:2    | Killed a deep elf zephyrmancer
 10197 | Orc:2    | Killed a deep elf pyromancer
 10197 | Orc:2    | Noticed a deep elf zephyrmancer
 10198 | Orc:2    | Reached skill level 10 in Polearms
 10198 | Orc:2    | Reached XP level 11. HP: 54/92 MP: 2/11
 10226 | Orc:2    | Reached skill level 11 in Polearms
 10677 | Orc:2    | Noticed an orc high priest
 10690 | Orc:2    | Killed an orc high priest
 10973 | Orc:2    | Reached skill level 10 in Shields
 11547 | Orc:2    | Found Tuliar's General Store.
 11547 | Orc:2    | Found Suepulowo's Weapon Boutique.
 11555 | Orc:2    | Found Dixalaang's Armour Boutique.
 11557 | Orc:2    | Found Yjiga's Assorted Antiques.
 11587 | Orc:2    | Bought the +2 cloak of the Bagpipe {rC+ Str+3 Dex-2} for
                  | 459 gold pieces
 11804 | D:11     | Found a staircase to the Lair.
 11810 | D:11     | Noticed Amaemon
 11820 | D:11     | Killed Amaemon
 11837 | D:11     | Reached skill level 12 in Polearms
 11843 | D:11     | Found a frozen archway.
 11846 | D:11     | Reached XP level 12. HP: 88/101 MP: 12/12
 11854 | IceCv    | Entered an ice cave
 11964 | IceCv    | Found a transporter.
 11974 | IceCv    | Found a transporter.
 12152 | D:11     | Noticed Harold
 12159 | D:11     | Killed Harold
 12740 | D:12     | Gained mutation: You are inexperienced. (-2 XL) [Ru
                  | sacrifice]
 12740 | D:12     | Reached XP level 11. HP: 94/95 MP: 11/11
 12740 | D:12     | Reached ****** piety under Ru
 12806 | Lair:1   | Entered Level 1 of the Lair of Beasts
 12953 | Lair:1   | Reached skill level 13 in Polearms
 14102 | Lair:2   | Found a hole to the Spider Nest.
 14322 | Lair:2   | Reached skill level 14 in Polearms
 14357 | Lair:2   | Reached XP level 12. HP: 102/102 MP: 12/12
 14973 | Lair:1   | Noticed Nergalle
 14988 | Lair:1   | Killed Nergalle
 15269 | Lair:2   | Found a staircase to the Swamp.
 16196 | Lair:3   | Reached skill level 15 in Polearms
 16464 | Lair:3   | Found a runed translucent door.
 16464 | Lair:3   | Noticed Piups's ghost (journeyman DsIE)
 16639 | Lair:4   | Found a staircase to the Slime Pits.
 16640 | Lair:4   | Found a viscous altar of Jiyva.
 17246 | Lair:5   | Entered Level 5 of the Lair of Beasts
 17880 | Lair:5   | Reached XP level 13. HP: 45/97 MP: 9/13
 18151 | Lair:5   | Reached skill level 16 in Polearms
 19120 | D:13     | Noticed Kirke
 19143 | D:13     | Killed Kirke
 19466 | D:13     | Found a shadowy altar of Dithmenos.
 19855 | D:13     | Reached skill level 15 in Shields
 20323 | D:14     | Reached skill level 15 in Fighting
 20469 | D:14     | Found a runed translucent gate.
 20469 | D:14     | Found a runed translucent gate.
 20469 | D:14     | Found a runed translucent gate.
 20470 | D:14     | Noticed timneilson's ghost (journeyman GrFi)
 20470 | D:14     | Noticed Aneyh's ghost (journeyman TeMo)
 20470 | D:14     | Noticed NinjaNoafa's ghost (adept MiFi)
 20471 | D:14     | Noticed a lich
 20471 | D:14     | Found an ancient bone altar of Kikubaaqudgha.
 20471 | D:14     | Noticed a lich
 20519 | D:14     | Killed NinjaNoafa's ghost
 20520 | D:14     | Reached skill level 17 in Polearms
 20522 | D:14     | Killed a lich
 20524 | D:14     | Killed a lich
 20535 | D:14     | Demolished by Aneyh's ghost

Illustrated notes

Levels and vault maps discovered:
D:1:      roderic_octagonal_star, layout_rooms,
          hellmonk_ecumenical_altar_pennies_from_heaven
D:2:      layout_loops_ring
D:3:      layout_basic
D:4:      layout_basic, kennysheep_vampire_church, gup_ossuary_entry_pyramid
D:5:      layout_rooms, gammafunk_temple_overflow_claw, serial_shops,
          nicolae_shop_hallway_plus
D:6:      layout_gridville, okawaru_trees_1, nicolae_specific_store, uniq_edmund
D:7:      layout_gridville, nzn_overflow_gifts_of_might_and_magic,
          minmay_temple_entry_trees, hangedman_abyss_or_decor_lesser_grid,
          uniq_maggie
D:8:      layout_basic, mainiacjoe_overflow_six_doors_small,
          general_overflow_altar, serial_undead, serial_undead_a,
          serial_undead_a, serial_undead_d, serial_undead_b, serial_undead_d,
          serial_undead_a
D:9:      layout_cave_pools, serial_shops, nicolae_shop_hallway_stairs,
          kennysheep_decorative_pillar, minmay_misc_feat_tower,
          minmay_misc_feat_rows, nicolae_elevator_lobby_plus
D:10:     layout_roguey, mainiacjoe_overflow_chevrons, erik_orc_1,
          nicolae_trove_entry_crystal
D:11:     layout_loops_ring, lair_entry_dummy, portal_ice_cave_rime,
          uniq_harold, uniq_amaemon
D:12:     layout_cave_pools
D:13:     layout_basic, nicolae_dithmenos_through_a_glass_darkly, uniq_kirke
D:14:     layout_roguey, david_vaults_5, gammafunk_ghost_crypt,
          minmay_misc_feat_alley
Lair:1:   layout_regular_city, lemuel_fruit_tree, infiniplex_staircase_pool,
          grunt_megastairs_2, uniq_nergalle
Lair:2:   regret_index_combs_of_tragedy, layout_loops_ring, swamp_mist,
          nicolae_spider_entry_non_spiders, grunt_megastairs_3
Lair:3:   layout_concentric_octagons, ebering_ghost_inner_flame
Lair:4:   layout_regular_city, slime_entry_1, fungi_pond_lemuel, st_stairs_4,
          grunt_megastairs_4
Lair:5:   minmay_lair_end_enchanted_forest, layout_gridlike
Orc:1:    layout_diamond_mine
Orc:2:    st_orc_mages, layout_diamond_mine, nicolae_orc_pool_cavern,
          elves_outpost_lemuel

Skill      XL: |  1  2  3  4  5  6  7  8  9 10 11 12 13 |
---------------+----------------------------------------+-----
Staves         | 4 5 6 7 8 9 |  9.4
Fighting       | 3 4 5 6 7 9 10 13 14 15 | 15.1
Throwing       | 3 4 5 |  5.4
Polearms       | 3 7 10 14 15 17 | 17.1
Shields        | 1 5 8 12 14 15 | 15.0
Dodging        | |  2.6

Action                   |  1- 3 |  4- 6 |  7- 9 | 10-12 | 13-15 || total
-------------------------+-------+-------+-------+-------+-------++-------
Melee: Quarterstaff      |   103 |   209 |   207 |       |       ||   519
       Punch             |     1 |     1 |     2 |       |       ||     4
       Glaive            |       |       |   128 |   840 |   249 ||  1217
Throw: Javelin           |       |     6 |    11 |    13 |       ||    30
       Throwing net      |       |       |     5 |       |       ||     5
       Dart              |       |       |     2 |     7 |       ||     9
       Boomerang         |       |       |       |     3 |    12 ||    15
Invok: Sacrifice Experie |     1 |       |       |     1 |       ||     2
       Sacrifice Stealth |       |     1 |       |       |       ||     1
       Draw Out Power    |       |       |     4 |     4 |       ||     8
       Sacrifice Artific |       |       |     1 |       |       ||     1
       Sacrifice Arcana  |       |       |     1 |       |       ||     1
       Apocalypse        |       |       |       |     6 |     1 ||     7
       Reject Sacrifices |       |       |       |     1 |       ||     1
 Abil: Dig               |       |       |       |     4 |     1 ||     5
  Use: Scroll            |     4 |     3 |     8 |    11 |     2 ||    28
       Potion            |       |       |     3 |     8 |     2 ||    13
 Stab: Distracted        |       |     1 |     1 |     2 |       ||     4
       Invisible         |       |       |     1 |     2 |       ||     3
       Paralysed         |       |       |       |     9 |     3 ||    12
Armor: Ring mail         |    43 |    66 |    95 |   223 |    39 ||   466
       Leather armour    |     2 |       |       |       |       ||     2
Dodge: Dodged            |    70 |   102 |   191 |   238 |    37 ||   638
Block: Kite shield       |       |       |    68 |   562 |    90 ||   720

Table legend: (Time is in decaauts)
 A = Elapsed time spent in this place.
 B = Non-inter-level travel time spent in this place.
 C = Inter-level travel time spent in this place.
 D = Time resting spent in this place.
 E = Time spent auto-exploring this place.
 F = Levels seen in this place.
 G = Mean time per level.
                   A        B        C        D        E       F      G
               +--------+--------+--------+--------+--------+-----+--------+
         Total |  20649 |  19529 |   1120 |   1049 |  14559 |  23 |  897.8 |
       Dungeon |  12183 |  11451 |    732 |    223 |   9030 |  14 |  870.2 |
          Lair |   5874 |   5585 |    289 |    390 |   4206 |   5 | 1174.8 |
  Orcish Mines |   1998 |   1900 |     98 |    436 |    985 |   2 |  999.0 |
       Ossuary |    399 |    399 |      0 |      0 |    195 |   1 |  399.0 |
      Ice Cave |    193 |    193 |      0 |      0 |    142 |   1 |  193.0 |
               +--------+--------+--------+--------+--------+-----+--------+

Top non-repeatable levels by time:
  Lair:2: 1726 daAuts
   Orc:2: 1445 daAuts
  Lair:1: 1399 daAuts
  Lair:5: 1339 daAuts
     D:7: 1218 daAuts
     D:4: 1163 daAuts
     D:3: 1074 daAuts
    D:13: 1030 daAuts
     D:8: 1018 daAuts
     D:5: 1001 daAuts
    D:10: 980 daAuts
     D:9: 938 daAuts
     D:6: 905 daAuts
    D:11: 823 daAuts
  Lair:4: 752 daAuts
